NCAA
IOWA HAWKEYES @ CONNECTICUT HUSKIES
04/30/2030
 
TOP OF THE 1ST
Iowa Hawkeyes batting - Pitching for Connecticut Huskies : LHP Mal Chapman
Pitching: LHP Mal Chapman
Batting: LHB José Gonzáles 0-0: Ground out U3 (Groundball, 34S)
Batting: LHB Fletcher White 0-0: Ground out 6-3 (Groundball, 6)
Batting: RHB Jim Sharry 0-0: Ground out 5-3 (Groundball, 5S)
Top of the 1st over - 0 runs, 0 hits, 0 errors, 0 left on base; Iowa 0 - Connecticut 0
BOTTOM OF THE 1ST
Connecticut Huskies batting - Pitching for Iowa Hawkeyes : RHP Félix Aguilar Jr.
Pitching: RHP Félix Aguilar Jr.
Batting: RHB Anthony Payton 0-0: Ball
1-0: Ball
2-0: Ball
3-0: Base on Balls
Batting: LHB Garth Gallegos 0-0: Ball
1-0: Ball
2-0: Called Strike
2-1: SINGLE (Line Drive, 34D)
Anthony Payton to second
Runner from 2nd tries for 3rd, SAFE, throw made to third
Batting: RHB Phil Gabriel 0-0: Ball
1-0: Ball
2-0: Called Strike
2-1: Swinging Strike
2-2: Ball
3-2: Foul Ball, location: 2F
3-2: Foul Ball, location: 2F
3-2: Fly out, F8 (Flyball, 8LM)
Batting: LHB Roberto Martínez 0-0: Ball
1-0: Ball
2-0: Called Strike
2-1: Swinging Strike
2-2: Fly out, F3 (Line Drive, 3L)
Lined into DP, U3 (Line Drive, 3L)
Bottom of the 1st over - 0 runs, 1 hit, 0 errors, 1 left on base; Iowa 0 - Connecticut 0
TOP OF THE 2ND
Iowa Hawkeyes batting - Pitching for Connecticut Huskies : LHP Mal Chapman
Batting: RHB Jim Jones 0-0: Swinging Strike
0-1: Ball
1-1: Swinging Strike
1-2: Ball
2-2: Ball
3-2: Foul Ball, location: 2F
3-2: Strikes out swinging
Batting: RHB John Phillips 0-0: Ball
1-0: Called Strike
1-1: Ground out 5-3 (Groundball, 56)
Batting: LHB Jesús Torres 0-0: Swinging Strike
0-1: Ball
1-1: Ball
2-1: Called Strike
2-2: Strikes out swinging
Top of the 2nd over - 0 runs, 0 hits, 0 errors, 0 left on base; Iowa 0 - Connecticut 0
BOTTOM OF THE 2ND
Connecticut Huskies batting - Pitching for Iowa Hawkeyes : RHP Félix Aguilar Jr.
Batting: RHB Terry McRa 0-0: Called Strike
0-1: Ball
1-1: Swinging Strike
1-2: Ball
2-2: Foul Ball, location: 2F
2-2: Foul Ball, location: 2F
2-2: Foul Ball, location: 2F
2-2: Strikes out swinging
Batting: SHB José Ramírez 0-0: Called Strike
0-1: Ball
1-1: Called Strike
1-2: Ball
2-2: Strikes out looking
Batting: RHB Jeremy Day 0-0: Ball
1-0: Called Strike
1-1: Ball
2-1: Ball
3-1: Foul Ball, location: 2F
3-2: Foul Ball, location: 2F
3-2: Base on Balls
Batting: RHB Ward Dempsey 0-0: Swinging Strike
0-1: Foul Ball, location: 2F
0-2: Strikes out swinging
Bottom of the 2nd over - 0 runs, 0 hits, 0 errors, 1 left on base; Iowa 0 - Connecticut 0
TOP OF THE 3RD
Iowa Hawkeyes batting - Pitching for Connecticut Huskies : LHP Mal Chapman
Batting: RHB Dan Perkins 0-0: Called Strike
0-1: Bunt missed!
0-2: Strikes out looking
Batting: RHB Jack Black 0-0: Ball
1-0: Ball
2-0: Called Strike
2-1: Ball
3-1: Fly out, F6 (Line Drive, 6M)
Batting: RHB Bill Wells 0-0: Ball
1-0: Foul Ball, location: 2F
1-1: Ball
2-1: Ball
3-1: Base on Balls
Batting: LHB José Gonzáles 0-0: Called Strike
0-1: Ball
1-1: SINGLE (Line Drive, 7S)
Bill Wells to second
Batting: LHB Fletcher White 0-0: Called Strike
0-1: Ball
1-1: SINGLE (Groundball, 4) (infield hit)
Bill Wells to third
José Gonzáles to second
Batting: RHB Jim Sharry 0-0: Foul Ball, location: 2F
0-1: Called Strike
0-2: Ball
1-2: Ball
2-2: Foul Ball, location: 2F
2-2: Ball
3-2: Base on Balls
Bill Wells scores
José Gonzáles to third
Fletcher White to second
Batting: RHB Jim Jones 0-0: Swinging Strike
0-1: Foul Ball, location: 2F
0-2: Ball
1-2: Ball
2-2: Strikes out swinging
Top of the 3rd over - 1 run, 2 hits, 0 errors, 3 left on base; Iowa 1 - Connecticut 0
BOTTOM OF THE 3RD
Connecticut Huskies batting - Pitching for Iowa Hawkeyes : RHP Félix Aguilar Jr.
Batting: RHB George Powell 0-0: Ball
1-0: Ball
2-0: Ball
3-0: Called Strike
3-1: Called Strike
3-2: Fly out, F9 (Line Drive, 89M)
Batting: RHB Anthony Payton 0-0: Swinging Strike
0-1: Foul Ball, location: 2F
0-2: Foul Ball, location: 2F
0-2: Ball
1-2: Foul Ball, location: 2F
1-2: Ball
2-2: Foul Ball, location: 2F
2-2: Ball
3-2: Base on Balls
Batting: LHB Garth Gallegos 0-0: Ball
1-0: SINGLE (Groundball, 4MD)
Anthony Payton to second
Batting: RHB Phil Gabriel 0-0: Fielders Choice at 2nd, 5-4 (Groundball, 56D)
Anthony Payton to third
Batting: LHB Roberto Martínez 0-0: SINGLE (Line Drive, 9LM)
Anthony Payton scores
Phil Gabriel to second
Batting: RHB Terry McRa 0-0: Fly out, F7 (Line Drive, 7D)
Bottom of the 3rd over - 1 run, 2 hits, 0 errors, 2 left on base; Iowa 1 - Connecticut 1
TOP OF THE 4TH
Iowa Hawkeyes batting - Pitching for Connecticut Huskies : LHP Mal Chapman
Batting: RHB John Phillips 0-0: Ball
1-0: Ball
2-0: Ball
3-0: Called Strike
3-1: Base on Balls
Batting: LHB Jesús Torres 0-0: Foul Ball, location: 2F
0-1: Foul Ball, location: 2F
0-2: Foul Ball, location: 2F
0-2: Strikes out swinging
Batting: RHB Dan Perkins 0-0: Grounds into double play, 6-4-3 (Groundball, 6)
Top of the 4th over - 0 runs, 0 hits, 0 errors, 0 left on base; Iowa 1 - Connecticut 1
BOTTOM OF THE 4TH
Connecticut Huskies batting - Pitching for Iowa Hawkeyes : RHP Félix Aguilar Jr.
Batting: SHB José Ramírez 0-0: Ground out 5-3 (Groundball, 56)
Batting: RHB Jeremy Day 0-0: Ball
1-0: Called Strike
1-1: Ball
2-1: Foul Ball, location: 2F
2-2: SINGLE (Line Drive, 8LS)
Batting: RHB Ward Dempsey 0-0: Ball
1-0: Called Strike
1-1: Ball
Jeremy Day steals 2nd base
2-1: Foul Ball, location: 2F
2-2: Ball
3-2: Base on Balls
Batting: RHB George Powell 0-0: Ball
1-0: Called Strike
1-1: Swinging Strike
1-2: Ball
2-2: Foul Ball, location: 2F
2-2: Ball
3-2: Fly out, F9 (Flyball, 9LS)
Pitching: RHP Javier Valdés
Batting: RHB Anthony Payton 0-0: Ball
1-0: Foul Ball, location: 2F
1-1: Foul Ball, location: 2F
1-2: Ball
2-2: Strikes out swinging
Bottom of the 4th over - 0 runs, 1 hit, 0 errors, 2 left on base; Iowa 1 - Connecticut 1
TOP OF THE 5TH
Iowa Hawkeyes batting - Pitching for Connecticut Huskies : LHP Mal Chapman
Batting: RHB Jack Black 0-0: Swinging Strike
0-1: Fly out, F7 (Flyball, 78S)
Batting: RHB Bill Wells 0-0: Called Strike
0-1: Ball
1-1: Ball
2-1: Ball
3-1: Foul Ball, location: 2F
3-2: Base on Balls
Batting: LHB José Gonzáles 0-0: Called Strike
0-1: Swinging Strike
0-2: Ball
1-2: Ball
2-2: Strikes out swinging
Batting: LHB Fletcher White 0-0: Called Strike
0-1: Ball
1-1: Fly out, F6 (Line Drive, 6MD)
Top of the 5th over - 0 runs, 0 hits, 0 errors, 1 left on base; Iowa 1 - Connecticut 1
BOTTOM OF THE 5TH
Connecticut Huskies batting - Pitching for Iowa Hawkeyes : RHP Javier Valdés
Batting: LHB Garth Gallegos 0-0: Ball
1-0: Ground out U3 (Groundball, 34)
Batting: RHB Phil Gabriel 0-0: SINGLE (Line Drive, 9LM)
Batting: LHB Roberto Martínez 0-0: Ball
1-0: Foul Ball, location: 2F
1-1: Ball
2-1: Ball
3-1: Base on Balls
Phil Gabriel to second
Batting: RHB Terry McRa 0-0: Fielders Choice at 2nd, 1-4 (Groundball, 15)
Phil Gabriel to third
Batting: SHB José Ramírez 0-0: Ball
1-0: Ball
2-0: Ball
3-0: Base on Balls
Terry McRa to second
Batting: RHB Jeremy Day 0-0: Ball
1-0: Foul Ball, location: 2F
1-1: Ball
2-1: Foul Ball, location: 2F
2-2: Foul Ball, location: 2F
2-2: Ground out 5-3 (Groundball, 56S)
Bottom of the 5th over - 0 runs, 1 hit, 0 errors, 3 left on base; Iowa 1 - Connecticut 1
TOP OF THE 6TH
Iowa Hawkeyes batting - Pitching for Connecticut Huskies : LHP Mal Chapman
Batting: RHB Jim Sharry 0-0: Foul Ball, location: 2F
0-1: Ground out 6-3 (Groundball, 6)
Batting: RHB Jim Jones 0-0: Ball
1-0: Foul Ball, location: 2F
1-1: Foul Ball, location: 2F
1-2: Strikes out swinging
Batting: RHB John Phillips 0-0: Called Strike
0-1: Ball
1-1: Called Strike
1-2: Foul Ball, location: 2F
1-2: Ball
2-2: Ball
3-2: Strikes out looking
Top of the 6th over - 0 runs, 0 hits, 0 errors, 0 left on base; Iowa 1 - Connecticut 1
BOTTOM OF THE 6TH
Connecticut Huskies batting - Pitching for Iowa Hawkeyes : RHP Javier Valdés
Batting: RHB Ward Dempsey 0-0: Called Strike
0-1: Ball
1-1: Swinging Strike
1-2: Ball
2-2: Ground out 6-3 (Groundball, 6)
Batting: RHB George Powell 0-0: Ball
1-0: Ball
2-0: Called Strike
2-1: SINGLE (Line Drive, 89S)
Batting: RHB Anthony Payton 0-0: SINGLE (Groundball, 56) (infield hit)
George Powell to second
Batting: LHB Garth Gallegos 0-0: Ground out 4-3 (Groundball, 4S)
George Powell to third
Anthony Payton to second
Batting: RHB Phil Gabriel 0-0: Ball
1-0: Ball
2-0: Called Strike
2-1: Foul Ball, location: 2F
2-2: Hit by Pitch
Batting: LHB Roberto Martínez 0-0: Ball
1-0: Ball
2-0: Foul Ball, location: 2F
2-1: Foul Ball, location: 2F
2-2: Fly out, F9 (Flyball, 9)
Bottom of the 6th over - 0 runs, 2 hits, 0 errors, 3 left on base; Iowa 1 - Connecticut 1
TOP OF THE 7TH
Iowa Hawkeyes batting - Pitching for Connecticut Huskies : LHP Mal Chapman
Pitching: LHP Jim Bridges
Batting: LHB Jesús Torres 0-0: Ball
1-0: Foul Ball, location: 2F
1-1: Swinging Strike
1-2: Hit by Pitch
Batting: RHB Dan Perkins 0-0: Ball
1-0: Sac Bunt - play at first, batter OUT! 1-4
Jesús Torres to second
Batting: RHB Jack Black 0-0: Intentional Walk
Pinch Runner at 2nd Steve Barlow:
Batting: RHB Bill Wells 0-0: SINGLE (Line Drive, 4D)
Steve Barlow to third
Jack Black to second
Runner from 3rd tries for Home, SAFE, no throw
Batting: LHB José Gonzáles 0-0: Ball
1-0: Ball
2-0: Called Strike
2-1: Ball
3-1: Foul Ball, location: 2F
3-2: Foul Ball, location: 2F
3-2: Base on Balls
Jack Black to third
Bill Wells to second
Batting: LHB Fletcher White 0-0: Foul Ball, location: 2F
0-1: Foul Ball, location: 2F
0-2: Foul Ball, location: 2F
0-2: Grounds into fielders choice 5-2 (Groundball, 5L)
Bill Wells to third
José Gonzáles to second
Batting: RHB Jim Sharry 0-0: Ball
1-0: Ball
2-0: Called Strike
2-1: Ball
3-1: Base on Balls
Bill Wells scores
José Gonzáles to third
Fletcher White to second
Pitching: RHP Dave Howell
Batting: RHB Jim Jones 0-0: Called Strike
0-1: Ball
1-1: Swinging Strike
1-2: Ground out 4-3 (Groundball, 34)
Top of the 7th over - 2 runs, 1 hit, 0 errors, 3 left on base; Iowa 3 - Connecticut 1
BOTTOM OF THE 7TH
Connecticut Huskies batting - Pitching for Iowa Hawkeyes : RHP Javier Valdés
Now in RF: Steve Barlow
Batting: RHB Terry McRa 0-0: Called Strike
0-1: Fly out, F9 (Flyball, 89M)
Batting: SHB José Ramírez 0-0: Foul Ball, location: 2F
0-1: Foul Ball, location: 2F
0-2: SINGLE (Groundball, 56D)
Pitching: RHP António Rodríguez
Batting: RHB Jeremy Day 0-0: Swinging Strike
0-1: Ball
1-1: Ball
2-1: Ball
3-1: Base on Balls
José Ramírez to second
Batting: RHB Ward Dempsey 0-0: Hit by Pitch
José Ramírez to third
Jeremy Day to second
Pinch Hitting: RHB Ron Frost 0-0: Ball
1-0: Called Strike
1-1: Ball
2-1: Ball
3-1: Foul Ball, location: 2F
3-2: Foul Ball, location: 2F
3-2: Fly out, F9 (Flyball, 9)
Runner from 3rd tags up, SCORES, no throw
Batting: RHB Anthony Payton 0-0: Foul Ball, location: 2F
0-1: Ball
Wild Pitch!
Jeremy Day to third
Ward Dempsey to second
1-1: Called Strike
1-2: Ball
2-2: Ball
3-2: Base on Balls
Batting: LHB Garth Gallegos 0-0: Ball
1-0: Foul Ball, location: 2F
1-1: Hit by Pitch
Jeremy Day scores
Ward Dempsey to third
Anthony Payton to second
Batting: RHB Phil Gabriel 0-0: Ball
1-0: Foul Ball, location: 2F
1-1: Fly out, F7 (Line Drive, 78D)
Bottom of the 7th over - 2 runs, 1 hit, 0 errors, 3 left on base; Iowa 3 - Connecticut 3
TOP OF THE 8TH
Iowa Hawkeyes batting - Pitching for Connecticut Huskies : RHP Dave Howell
Now in RF: Alejandro Pińa
Batting: RHB John Phillips 0-0: Called Strike
0-1: Called Strike
0-2: Fly out, F9 (Line Drive, 9)
Pitching: LHP Jude Hatfield
Pinch Hitting: RHB Marvin Ransom 0-0: Called Strike
0-1: Swinging Strike
0-2: Ball
1-2: Foul Ball, location: 2F
1-2: Ball
2-2: Strikes out swinging
Pitching: RHP Frank Fuller
Batting: RHB Dan Perkins 0-0: Ball
1-0: Ball
2-0: Called Strike
2-1: Foul Ball, location: 2F
2-2: Ball
3-2: Strikes out swinging
Top of the 8th over - 0 runs, 0 hits, 0 errors, 0 left on base; Iowa 3 - Connecticut 3
BOTTOM OF THE 8TH
Connecticut Huskies batting - Pitching for Iowa Hawkeyes : RHP António Rodríguez
Now in RF: Marvin Ransom
Batting: LHB Roberto Martínez 0-0: Swinging Strike
0-1: Foul Ball, location: 2F
0-2: Strikes out swinging
Batting: RHB Terry McRa 0-0: Foul Ball, location: 2F
0-1: Called Strike
0-2: Foul Ball, location: 2F
0-2: Ball
1-2: Fly out, F2 (Popup, 23F)
Batting: SHB José Ramírez 0-0: Called Strike
0-1: Ground out 4-3 (Groundball, 4)
Bottom of the 8th over - 0 runs, 0 hits, 0 errors, 0 left on base; Iowa 3 - Connecticut 3
TOP OF THE 9TH
Iowa Hawkeyes batting - Pitching for Connecticut Huskies : RHP Frank Fuller
Pitching: RHP Edward Underwood
Batting: RHB Jack Black 0-0: Ball
1-0: Swinging Strike
1-1: Swinging Strike
1-2: Ball
2-2: Strikes out looking
Batting: RHB Bill Wells 0-0: Called Strike
0-1: Foul Ball, location: 2F
0-2: Ball
1-2: Ball
2-2: Ball
3-2: Foul Ball, location: 2F
3-2: Strikes out looking
Batting: LHB José Gonzáles 0-0: Ball
1-0: Reached on error, E4 (Groundball, 4D)
Batting: LHB Fletcher White 0-0: Ball
1-0: Fly out, F8 (Flyball, 8LM)
Top of the 9th over - 0 runs, 0 hits, 1 error, 1 left on base; Iowa 3 - Connecticut 3
BOTTOM OF THE 9TH
Connecticut Huskies batting - Pitching for Iowa Hawkeyes : RHP António Rodríguez
Batting: RHB Jeremy Day 0-0: Fly out, F4 (Popup, 13)
Batting: RHB Ward Dempsey 0-0: Called Strike
0-1: Called Strike
0-2: Ball
1-2: Ball
2-2: Strikes out swinging
Batting: LHB Alejandro Pińa 0-0: Foul Ball, location: 2F
0-1: SINGLE (Groundball, 34D)
Batting: RHB Anthony Payton 0-0: Ball
1-0: Foul Ball, location: 2F
1-1: Ball
2-1: Foul Ball, location: 2F
2-2: Fly out, F8 (Flyball, 78D)
Bottom of the 9th over - 0 runs, 1 hit, 0 errors, 1 left on base; Iowa 3 - Connecticut 3
TOP OF THE 10TH
Iowa Hawkeyes batting - Pitching for Connecticut Huskies : RHP Edward Underwood
Batting: RHB Jim Sharry 0-0: Called Strike
0-1: Ball
1-1: SINGLE (Line Drive, 56D)
Batting: RHB Jim Jones 0-0: Called Strike
0-1: Ball
1-1: Ground out 3-1 (Groundball, 34)
Jim Sharry to second
Batting: RHB John Phillips 0-0: Intentional Walk
Batting: RHB Marvin Ransom 0-0: Swinging Strike
0-1: Ball
1-1: Foul Ball, location: 2F
1-2: SINGLE (Line Drive, 4D)
Jim Sharry to third
John Phillips to second
Runner from 3rd tries for Home, SAFE, no throw
Batting: RHB Dan Perkins 0-0: Ball
1-0: Ground out U3 (Groundball, 34)
John Phillips to third
Marvin Ransom to second
Batting: RHB Jack Black 0-0: DOUBLE (Line Drive, 8LD)
John Phillips scores
Marvin Ransom scores
Pitching: RHP John McWhirter
Batting: RHB Bill Wells 0-0: SINGLE (Groundball, 56D)
Jack Black to third
Runner from 3rd tries for Home, SAFE, no throw
Batting: LHB José Gonzáles 0-0: Called Strike
0-1: Ball
1-1: Foul Ball, location: 2F
1-2: Strikes out swinging
Top of the 10th over - 4 runs, 4 hits, 0 errors, 1 left on base; Iowa 7 - Connecticut 3
BOTTOM OF THE 10TH
Connecticut Huskies batting - Pitching for Iowa Hawkeyes : RHP António Rodríguez
Batting: LHB Garth Gallegos 0-0: Called Strike
0-1: Ball
1-1: Called Strike
1-2: SINGLE (Groundball, 34D)
Batting: RHB Phil Gabriel 0-0: Fly out, F6 (Line Drive, 6)
Batting: LHB Roberto Martínez 0-0: Foul Ball, location: 2F
0-1: SINGLE (Line Drive, 9S)
Garth Gallegos to second
Batting: RHB Terry McRa 0-0: Called Strike
0-1: Ball
1-1: Swinging Strike
1-2: Ground out 5-3 (Groundball, 56S)
Garth Gallegos to third
Roberto Martínez to second
Pitching: RHP Mike Thompson
Batting: SHB José Ramírez 0-0: Hit by Pitch
Batting: RHB Jeremy Day 0-0: Ball
1-0: Fielders Choice at 2nd, 5-4 (Groundball, 56)
Bottom of the 10th over - 0 runs, 2 hits, 0 errors, 3 left on base; Iowa 7 - Connecticut 3
Saturday, April 7th, 2018 - OOTP Baseball 18.8 Build 76